 Dungeon Crawl Stone Soup version 0.28-a0-514-g0d7ab7f379 (webtiles) character file.

Game seed: 6934494694088994871

2790 Zenkrye the Cleaver (level 9, -2/69 HPs)
             Began as a Palentonga Cinder Acolyte on Sept 22, 2021.
             Was a High Priest of Ignis.
             Slain by Pikel (8 damage)
             ... on level 4 of the Dungeon.
             The game lasted 00:16:34 (7759 turns).

Zenkrye the Cleaver (Palentonga Cinder Acolyte)     Turns: 7759, Time: 00:16:34

Health: -2/69      AC: 19    Str: 18    XL:     9   Next: 43%
Magic:  13/13      EV:  4    Int: 17    God:    Ignis [*****.]
Gold:   300        SH:  7    Dex:  6    Spells: 9/14 levels left

rFire   + . .      SeeInvis +   t - +2 hand axe (elec)
rCold   . . .      Faith    .   e - +3 buckler {AC+3}
rNeg    . . .      Spirit   .   f - +0 chain mail
rPois   .          Reflect  .   q - +0 helmet
rElec   .          Harm     .   y - +0 cloak
rCorr   .          Rampage  .   (no gloves)
Will    .....                   (no barding)
Stlth   ..........              (no amulet)
HPRegen 0.21/turn               (no ring)
MPRegen 0.13/turn               (no ring)

@: curled up
A: large, rugged brown scales 3, see invisible, deformed body, roll 1, armoured
tail, reflexive curl
a: Rolling Charge, Renounce Religion, Sea of Fire, Foxfire Swarm, Rising Flame


You were on level 4 of the Dungeon.
You worshipped Ignis.
Ignis was extremely pleased with you.
You visited 1 branch of the dungeon, and saw 7 of its levels.
You also visited: Ossuary.

You collected 300 gold pieces.

Inventory:

Hand Weapons
 a - a +0 hand axe of flaming
 r - a +0 hunting sling of freezing {@w2}
 t - a +2 hand axe of electrocution (weapon)
Missiles
 c - 318 stones
 d - 3 boomerangs (quivered)
 s - 78 sling bullets
 F - 2 throwing nets {!f}
Armour
 e - a +3 buckler of protection (worn)
 f - a +0 chain mail (worn)
 q - a +0 helmet (worn)
 y - a +0 cloak (worn)
Wands
 b - a wand of iceblast (4) {@v4}
 w - a wand of flame (20)
Scrolls
 h - a scroll of enchant weapon
 n - 2 scrolls of summoning
 u - 2 scrolls of blinking {@r4}
 x - a scroll of fog
 C - 2 scrolls of teleportation {@r3}
 D - a scroll of amnesia
Potions
 g - 3 potions of heal wounds {@q2}
 j - 4 potions of curing {@q1}
 k - 2 potions of lignification
 l - 2 potions of resistance {@q6}
 m - 3 potions of invisibility
 o - 3 potions of might {@q4}
 v - 2 potions of berserk rage {unknown}
 z - 2 potions of haste {unknown}
 A - 2 potions of flight {unknown}
 B - a potion of brilliance {unknown}
 E - a potion of ambrosia {unknown}


   Skills:
 + Level 4.2 Fighting
 + Level 9.0 Axes
 - Level 5.0 Shields
 - Level 3.0 Spellcasting
 - Level 5.0 Fire Magic
 + Level 2.9 Evocations


You had 9 spell levels left.
You knew the following spells:

 Your Spells              Type           Power      Damage    Failure   Level
a - Scorch                Fire           38%        2d7       47%         2
b - Swiftness             Air            2%         N/A       100%        3

Your spell library contained the following spells:

 Spells                   Type           Power      Damage    Failure   Level
 Magic Dart               Conj           8%         1d3       95%         1
 Shock                    Conj/Air       8%         1d3       95%         1
 Call Imp                 Summ           2%         N/A       99%         2
 Ensorcelled Hibernation  Hex/Ice        4%         N/A       99%         2
 Passwall                 Tmut/Erth      1%         N/A       99%         2
 Dazzling Flash           Conj/Hex       4%         N/A       100%        3
 Gell's Gravitas          Tloc           1%         N/A       100%        3
 Lesser Beckoning         Tloc           2%         N/A       100%        3
 Mephitic Cloud           Conj/Pois/Air  2%         N/A       100%        3
 Spider Form              Tmut/Pois      1%         N/A       100%        3
 Teleport Other           Tloc           2%         N/A       100%        3
 Airstrike                Air            1%         N/A       100%        4
 Iskenderun's Mystic Bla  Conj/Tloc      2%         2d3       100%        4
 Invisibility             Hex            1%         N/A       100%        6
 Starburst                Conj/Fire      5%         6d4       100%        6


Dungeon Overview and Level Annotations

Branches:
Dungeon (7/15)             Temple (0/1) D:5         Ossuary (visited)

Altars:
Fedhas
Sif Muna
Vehumet
Yredelemnul

Annotations:
D:4 Pikel
D:6 2 transporters, jasper's ghost, novice DsWz
D:7 3 runed translucent doors, SirDiesAlot's ghost, novice MiDe


Innate Abilities, Weirdness & Mutations

You are completely covered in rugged brown scales. (AC +3, +7% HP)
You have supernaturally acute eyesight. (SInv)
Armour fits poorly on your strangely shaped body.
You can roll at nearby foes to attack.
You have a long armoured tail.
You curl defensively after being hit.


Message History

Pikel hits you with a +2 whip of electrocution!
You closely miss Pikel.
Pikel hits you with a +2 whip of electrocution.
You barely miss Pikel. You hit the hobgoblin but do no damage.
You block the hobgoblin's attack. You block Pikel's attack.
You hit Pikel but do no damage. You hit the quokka.
Lightning courses through the quokka!
You kill the quokka!
You barely miss the hobgoblin.
The hobgoblin hits you but does no damage.
Pikel hits you with a +2 whip of electrocution.
You hit Pikel but do no damage. You hit the lemure but do no damage.
Lightning courses through the lemure! You closely miss the hobgoblin.
The hobgoblin hits you but does no damage.
Pikel hits you with a +2 whip of electrocution.
You are electrocuted!
* * * LOW HITPOINT WARNING * * *
You hit Pikel but do no damage. You barely miss the lemure.
You slash the hobgoblin!
You kill the hobgoblin!
The lemure hits you but does no damage.
Pikel says, "Hell isn't that bad."
Pikel hits you with a +2 whip of electrocution.
* * * LOW HITPOINT WARNING * * *
You hit Pikel but do no damage.
Your tail-slap misses Pikel.
You hit the lemure. You block the lemure's attack.
You hit Pikel.
Pikel is lightly wounded.
You hit the lemure. You hit the lemure but do no damage.
Pikel hits you but does no damage. The lemure hits you.
* * * LOW HITPOINT WARNING * * *
The lemure hits you but does no damage.
Unknown command.
You hit Pikel but do no damage.
Your tail-slap misses Pikel.
Pikel is lightly wounded.
You barely miss the lemure. You hit the lemure.
Pikel hits you with a +2 whip of electrocution.
* * * LOW HITPOINT WARNING * * *
You are electrocuted!
You die...

#### #### ##### ....
..# #...#
..##.#####...# #
###.#.....#...+ #
#...>.....#...# #
#.#.#.5####..[
..##..@K5##'######
.......5###........#
###.####.......>...##
#.# #.######..### #.#
#.######..# ##### #.#
#.........# ....# #.#
#########'## ###.#
#.### ##...## # #.#
#...## ##.....##


You could see Pikel and 3 lemures.

Vanquished Creatures
  Harold (D:7)
  Edmund (D:5)
  2 water moccasins
  An ice beast (D:6)
  An orc warrior (D:6)
  2 sky beasts (D:6)
  A necrophage (D:4)
  2 centaurs
  A kobold brigand (D:6)
  A bullfrog (D:7)
  4 scorpions
  2 water moccasin zombies (Ossuary)
  3 centaur zombies (D:7)
  A jelly (D:7)
  A gnoll shaman (D:7)
  An orc priest (D:6)
  2 hounds
  3 centaur skeletons
  Jessica (D:2)
  An iguana (D:4)
  An orc wizard (D:6)
  A killer bee zombie (D:7)
  2 mummies (Ossuary)
  Robin (D:3)
  2 howler monkey zombies
  9 gnolls
  3 adders
  3 white imps
  An ufetubus (D:7)
  4 adder zombies (Ossuary)
  2 worms
  3 dart slugs
  9 orcs
  7 endoplasms
  5 giant cockroaches
  6 gnoll zombies (Ossuary)
  12 goblins
  11 hobgoblins
  15 kobolds
  7 quokkas
  9 ball pythons
  7 bats
  4 frilled lizards
  8 hobgoblin zombies (Ossuary)
  7 kobold zombies (Ossuary)
  5 orc zombies (Ossuary)
  2 rats (D:3)
178 creatures vanquished.

Vanquished Creatures (others)
  6 plants (D:3)
6 creatures vanquished.

Grand Total: 184 creatures vanquished

Notes
Turn   | Place    | Note
-------+----------+-------------------------------------------
     0 | D:1      | Zenkrye the Palentonga Cinder Acolyte began the quest for
                  | the Orb.
     0 | D:1      | Reached XP level 1. HP: 19/19 MP: 2/2
   413 | D:1      | Reached XP level 2. HP: 22/25 MP: 3/3
   416 | D:1      | Learned a level 2 spell: Scorch
  1036 | D:2      | Noticed Jessica
  1049 | D:2      | Killed Jessica
  1050 | D:2      | Reached skill level 1 in Shields
  1050 | D:2      | Reached XP level 3. HP: 15/31 MP: 4/4
  1468 | D:2      | Reached skill level 4 in Axes
  1468 | D:2      | Reached XP level 4. HP: 37/37 MP: 5/5
  1567 | D:2      | Found a faded altar of an unknown god.
  2052 | D:3      | Reached XP level 5. HP: 18/43 MP: 6/6
  2345 | D:3      | Learned a level 3 spell: Swiftness
  2513 | D:3      | Noticed Robin
  2526 | D:3      | Killed Robin
  2745 | D:3      | Found a blossoming altar of Fedhas.
  3460 | D:4      | Found a radiant altar of Vehumet.
  3489 | D:4      | Noticed a necrophage
  3498 | D:4      | Killed a necrophage
  3499 | D:4      | Reached skill level 5 in Axes
  3499 | D:4      | Reached XP level 6. HP: 49/50 MP: 7/9
  3553 | D:4      | Found a sand-covered staircase.
  3562 | Ossuary  | Entered an ossuary
  3952 | D:4      | Gained mutation: You curl defensively after being hit.
                  | [Palentonga growth]
  3952 | D:4      | Reached XP level 7. HP: 38/55 MP: 11/11
  4242 | D:4      | Noticed Pikel
  4245 | D:5      | Entered Level 5 of the Dungeon
  4258 | D:5      | Found a staircase to the Ecumenical Temple.
  4613 | D:5      | Noticed Edmund
  4619 | D:5      | Killed Edmund
  4620 | D:5      | Reached skill level 6 in Axes
  4839 | D:5      | Found a shimmering blue altar of Sif Muna.
  4950 | D:6      | Noticed a yak
  4950 | D:6      | Noticed jasper's ghost (novice DsWz)
  4950 | D:6      | Found a transporter.
  5133 | D:6      | Reached XP level 8. HP: 17/62 MP: 12/12
  5446 | D:6      | Reached skill level 7 in Axes
  5454 | D:6      | Reached skill level 5 in Shields
  5807 | D:6      | Found a transporter.
  5917 | D:6      | Reached skill level 8 in Axes
  6500 | D:7      | Identified the +1 ring mail of Hadjma {rPois rF- rN+}
  6566 | D:7      | Reached XP level 9. HP: 62/67 MP: 13/13
  6567 | D:7      | Reached skill level 5 in Fire Magic
  6720 | D:7      | Reached skill level 1 in Evocations
  6841 | D:7      | Noticed Harold
  7005 | D:7      | Found a runed translucent gate.
  7005 | D:7      | Found a runed translucent gate.
  7005 | D:7      | Found a runed translucent gate.
  7005 | D:7      | Noticed SirDiesAlot's ghost (novice MiDe)
  7007 | D:7      | Found a basalt altar of Yredelemnul.
  7235 | D:7      | Killed Harold
  7236 | D:7      | Reached skill level 9 in Axes
  7759 | D:4      | Slain by Pikel

Illustrated notes

Levels and vault maps discovered:
D:1:      erik_arrival_orb_chamber, layout_basic, minmay_close_crescents
D:2:      layout_rooms, ebering_ecumenical_altar_webs, minmay_liquid_box,
          hangedman_decor_lopped, uniq_jessica
D:3:      minmay_bubble_buster, layout_basic, lemuel_doored_altar, serial_bayou,
          serial_bayou_pond_e, serial_bayou_pond_d, serial_bayou_crossing,
          serial_bayou_pond_b, serial_bayou_pond_e, uniq_robin
D:4:      layout_loops_corners, vehumet_altar_wand_db, enter_ossuary_1,
          nicolae_zen_rock_garden, uniq_pikel
D:5:      layout_rooms, led_sif_pool, minmay_temple_entry_waves, uniq_edmund
D:6:      layout_rooms, gammafunk_ghost_arena
D:7:      layout_basic, nicolae_yredelemnul_ghost_church, nrook_campfire,
          uniq_harold

Skill      XL: |  1  2  3  4  5  6  7  8  9 |
---------------+----------------------------+-----
Shields        | 1 2 3 4 5 |  5.0
Fire Magic     | 3 4 5 |  5.0
Axes           | 4 5 6 8 9 |  9.0
Spellcasting   | 2 3 |  3.0
Evocations     | 2 |  2.9
Fighting       | 4 |  4.2

Action                   |  1- 3 |  4- 6 |  7- 9 || total
-------------------------+-------+-------+-------++-------
Melee: Hand axe          |    60 |   207 |   166 ||   433
       Tailslap          |     4 |    13 |    15 ||    32
Throw: Boomerang         |    42 |    55 |    24 ||   121
 Abil: Rolling Charge    |     6 |     7 |    23 ||    36
Evoke: Wand              |       |       |     3 ||     3
  Use: Scroll            |     3 |       |    14 ||    17
Armor: Robe              |    20 |       |       ||    20
       Chain mail        |    17 |    97 |    88 ||   202
Dodge: Dodged            |    20 |    24 |    17 ||    61
Block: Buckler           |     4 |    48 |    40 ||    92

Table legend: (Time is in decaauts)
 A = Elapsed time spent in this place.
 B = Non-inter-level travel time spent in this place.
 C = Inter-level travel time spent in this place.
 D = Time resting spent in this place.
 E = Time spent auto-exploring this place.
 F = Levels seen in this place.
 G = Mean time per level.
                   A        B        C        D        E       F      G
               +--------+--------+--------+--------+--------+-----+--------+
         Total |   7826 |   7556 |    270 |   1530 |   4882 |   8 |  978.2 |
       Dungeon |   7494 |   7224 |    270 |   1530 |   4644 |   7 | 1070.6 |
       Ossuary |    331 |    331 |      0 |      0 |    238 |   1 |  331.0 |
               +--------+--------+--------+--------+--------+-----+--------+

Top non-repeatable levels by time:
     D:7: 1451 daAuts
     D:3: 1376 daAuts
     D:6: 1303 daAuts
     D:1: 1012 daAuts
     D:2: 855 daAuts
     D:4: 751 daAuts
     D:5: 744 daAuts
 Ossuary: 331 daAuts
